 Dungeon Crawl Stone Soup version 0.31-a0-222-gefeffbb62a (webtiles) character file.

Game seed: 11564940416426278882

1465 qw the Chopper (level 8, 0/50 HPs)
             Began as a Gargoyle Fighter on July 5, 2023.
             Slain by a boulder beetle (10 damage)
             ... on level 6 of the Dungeon.
             The game lasted 00:02:45 (5217 turns).

qw the Chopper (Gargoyle Fighter)                   Turns: 5217, Time: 00:02:45

Health: 0/50       AC: 20    Str: 22    XL:     8   Next: 77%
Magic:  8/8        EV:  5    Int:  9    God:
Gold:   295        SH:  8    Dex:  9    Spells: 7/7 levels left

rFire   . . .        Y - +1 war axe
rCold   . . .        r - +0 kite shield
rNeg    + . .        g - +0 plate armour
rPois   inf          m - +1 helmet
rElec   +            i - +0 cloak
rCorr   .            (no gloves)
SInv    .            (no boots)
Will    .....        c - amulet of faith Stlth
                     (no ring)
HPRegen 0.28/turn    (no ring)
MPRegen 0.11/turn

%: faith
@: no status effects
A: sickness immunity, AC +5, negative energy resistance 1, electricity
resistance, torment resistance 1, petrification resistance
a: no special abilities


You were on level 6 of the Dungeon.
You visited 1 branch of the dungeon, and saw 6 of its levels.
You also visited: Sewer.

You collected 358 gold pieces.
You spent 63 gold pieces at shops.


Innate Abilities, Weirdness & Mutations

You are immune to sickness and miasma.
Your stone body is resilient. (AC +5)
You are immune to poison.
You resist negative energy. (rN+)
You are resistant to electric shocks. (rElec)
You are resistant to unholy torment.
You are immune to petrification.


   Skills:
 - Level 5.5 Fighting
 - Level 7.6 Axes
 - Level 2.1 Throwing
 - Level 4.1 Armour
 - Level 1.8 Dodging
 + Level 4.8 Shields


You had 7 spell levels left.
You didn't know any spells.
Your spell library was empty.

Inventory:

Hand Weapons
 f - a +0 flail
 n - a +1 mace of holy wrath
 Y - a +1 war axe (weapon)
Missiles
 q - 2 javelins (quivered)
Armour
 e - a scarf of repulsion
 g - a +0 plate armour (worn)
 i - a +0 cloak (worn)
 m - a +1 helmet (worn)
 r - a +0 kite shield (worn)
 s - the +2 plate armour "Migaprim" {rCorr Str-4 Int+7}
   (You found it on level 6 of the Dungeon)

   Str:       It affects your strength (-4).
   Int:       It affects your intelligence (+7).
   rCorr:     It protects you from acid and corrosion.
Jewellery
 c - an amulet of faith (around neck)
 o - an amulet of reflection
Scrolls
 k - 2 scrolls of identify
 l - a scroll of teleportation
Potions
 a - 2 potions of attraction
 b - a potion of haste
 d - a potion of might
 h - 4 potions of curing
 j - 2 potions of enlightenment
 p - a potion of lignification

Dungeon Overview and Level Annotations

Branches:
Dungeon (6/15)              Sewer (visited)
 Temple: D:4-7

Altars:
Nemelex Xobeh
The Shining One

Shops:
D:5 [


Message History

Enter note: You see here a +0 robe.
You now have 295 gold pieces (gained 9).
Found 5 stones.
Enter note:
Enter note: A boulder beetle comes into view.
Enter note:
Enter note: You throw a javelin.
The javelin completely misses the boulder beetle.
You hear a roar!
An acid dragon comes into view.
The boulder beetle barely misses you.
You hit the boulder beetle but do no damage.
The boulder beetle bites you!
You hit the boulder beetle but do no damage.
The boulder beetle waves its antennae.
The boulder beetle bites you.
You hit the boulder beetle but do no damage.
The boulder beetle bites you!
You hit the boulder beetle.
The boulder beetle is lightly wounded.
The boulder beetle bites you but does no damage.
You hit the boulder beetle but do no damage.
The boulder beetle is lightly wounded.
You block the boulder beetle's attack. x2
You hit the boulder beetle but do no damage.
The boulder beetle is lightly wounded.
The boulder beetle bites you but does no damage.
You hit the boulder beetle.
The boulder beetle is lightly wounded.
The boulder beetle barely misses you.
You hit the boulder beetle but do no damage.
The boulder beetle is lightly wounded.
The boulder beetle bites you but does no damage.
You hit the boulder beetle but do no damage.
The boulder beetle is lightly wounded.
The boulder beetle bites you! x2
You die...

#.# #.# #.#
#.# #.# #.#
#.### ##.#
#...#### #..#
#......###.##
#.#.##.##..#
#.##########
#..#.#@#
#.###.#BD.#
#..#.####(#
#.###.# #
#..#.##
#.#.## #.###
#.. ##.


You could see a boulder beetle and an acid dragon.

Vanquished Creatures
  Grinder (D:5)
  Eustachio (D:5)
  A black bear (D:5)
  A centaur (D:5)
  A phantom (D:6)
  2 kobold brigands (Sewer)
  Blork the orc (D:6)
  A vampire bat (D:4)
  A jelly (D:5)
  2 orc priests
  2 hounds
  Jessica (D:3)
  Terence (D:3)
  2 iguanas
  A sleepcap (D:4)
  An orc wizard (D:2)
  Robin (D:3)
  5 adders
  4 gnolls (D:5)
  4 river rats
  A shadow imp (D:6)
  3 worms
  2 dart slugs (D:2)
  13 orcs
  6 ball pythons
  16 bats
  10 endoplasms
  6 giant cockroaches
  10 hobgoblins
  A jackal (Sewer)
  11 kobolds
  A quokka (D:2)
  2 frilled lizards
  10 goblins
  3 rats
129 creatures vanquished.

Vanquished Creatures (others)
  A vampire (D:5)
1 creature vanquished.

Grand Total: 130 creatures vanquished

Notes
Turn   | Place    | Note
-------+----------+-------------------------------------------
     0 | D:1      | qw the Gargoyle Fighter began the quest for the Orb.
     0 | D:1      | Reached XP level 1. HP: 14/14 MP: 1/1
     0 | D:1      | 0 ||| qw: Version: 0.3-a-46-gb1f654a
     0 | D:1      | 0 ||| qw: Game counter: 1051
     0 | D:1      | 0 ||| qw: Melee chars always use a shield: true
     0 | D:1      | 0 ||| qw: God list: Okawaru
     0 | D:1      | 0 ||| qw: Allow faded altars: false
     0 | D:1      | 0 ||| qw: Do Orc after clearing Dungeon:15 true
     0 | D:1      | 0 ||| qw: Do second Lair branch before Depths: true
     0 | D:1      | 0 ||| qw: Lair rune preference: random
     0 | D:1      | 0 ||| qw: Goals: Normal, Zot:1-4, Slime:5, God:TSO, Crypt,
                  | Tomb, Abyss, Pan, Hells, Win
     0 | D:1      | 0 ||| PLANNING D:1-11
    35 | D:1      | Reached skill level 2 in Axes
   330 | D:1      | 330 ||| Stepping ~*~*~tactically~*~*~ (hiding).
   347 | D:1      | Reached XP level 2. HP: 19/19 MP: 2/2
   513 | D:1      | 513 ||| DROPPING +0 club.
   891 | D:1      | 891 ||| UPGRADING to +0 plate armour.
   901 | D:1      | 901 ||| DROPPING +0 scale mail.
   902 | D:1      | 902 ||| UPGRADING to +0 cloak.
   907 | D:1      | 907 ||| READING scroll labelled POOVU NIZAUL.
   908 | D:1      | 908 ||| READING scroll labelled BULOD ZEKOB.
   929 | D:2      | Reached skill level 3 in Axes
   956 | D:2      | Reached XP level 3. HP: 19/23 MP: 3/3
  1265 | D:2      | Found a faded altar of an unknown god.
  1516 | D:2      | 1516 ||| Stepping ~*~*~tactically~*~*~ (stealth).
  1517 | D:2      | 1517 ||| Stepping ~*~*~tactically~*~*~ (stealth).
  1533 | D:2      | Reached XP level 4. HP: 24/28 MP: 4/4
  1551 | D:2      | 1551 ||| FLEEEEING.
  1552 | D:2      | 1552 ||| FLEEEEING.
  1553 | D:2      | 1553 ||| Stepping ~*~*~tactically~*~*~ (hiding).
  1554 | D:2      | 1554 ||| Stepping ~*~*~tactically~*~*~ (hiding).
  1559 | D:2      | HP: 5/28 [orc priest/divine providence (13)]
  1561 | D:2      | Reached skill level 4 in Axes
  1656 | D:2      | 1656 ||| DROPPING +0 whip.
  2068 | D:2      | 2068 ||| READING scroll labelled CICAEK SATWE.
  2069 | D:2      | 2069 ||| READING scroll labelled HOVVAS RUUTO.
  2225 | D:3      | 2225 ||| PLANNING SEWER
  2233 | D:3      | 2233 ||| STAIRDANCE
  2253 | D:3      | Reached XP level 5. HP: 32/32 MP: 5/5
  2261 | D:3      | Found a glowing drain.
  2262 | D:3      | 2262 ||| READING scroll labelled AQIFET NITOFODD.
  2281 | Sewer    | Entered a sewer
  2341 | Sewer    | Noticed a kobold brigand
  2342 | Sewer    | Noticed a kobold brigand
  2344 | Sewer    | 2344 ||| Stepping ~*~*~tactically~*~*~ (water).
  2353 | Sewer    | Killed a kobold brigand
  2354 | Sewer    | Reached skill level 5 in Axes
  2363 | Sewer    | Killed a kobold brigand
  2364 | Sewer    | Reached XP level 6. HP: 20/38 MP: 6/6
  2449 | Sewer    | Found a white marble altar of Elyvilon.
  2492 | D:3      | Noticed Terence
  2493 | D:3      | 2493 ||| PLANNING D:1-11
  2512 | D:3      | HP: 6/38 [Terence/+0 flail (7)]
  2513 | D:3      | Killed Terence
  2659 | D:3      | 2659 ||| Stepping ~*~*~tactically~*~*~ (stealth).
  2660 | D:3      | 2660 ||| Stepping ~*~*~tactically~*~*~ (stealth).
  2665 | D:3      | 2665 ||| Stepping ~*~*~tactically~*~*~ (hiding).
  2667 | D:3      | 2667 ||| Stepping ~*~*~tactically~*~*~ (hiding).
  2719 | D:3      | 2719 ||| Stepping ~*~*~tactically~*~*~ (hiding).
  2737 | D:3      | 2737 ||| FLEEEEING.
  2740 | D:3      | 2740 ||| STAIRDANCE
  2777 | D:2      | 2777 ||| READING 4 scrolls labelled GUWKUO SIHER.
  2778 | D:2      | 2778 ||| READING scroll labelled HILOM FIDO.
  2796 | D:2      | Reached skill level 6 in Axes
  2796 | D:2      | 2796 ||| DRINKING 2 ruby potions.
  2797 | D:2      | 2797 ||| READING 3 scrolls of identify.
  2797 | D:2      | 2797 ||| IDENTIFYING glowing white potion
  2798 | D:2      | 2798 ||| READING 2 scrolls of identify.
  2798 | D:2      | 2798 ||| IDENTIFYING bubbling ruby potion
  2799 | D:2      | 2799 ||| DROPPING potion of invisibility.
  2953 | D:3      | 2953 ||| Stepping ~*~*~tactically~*~*~ (stealth).
  2955 | D:3      | Noticed Robin
  2966 | D:3      | Killed Robin
  2967 | D:3      | 2967 ||| Stepping ~*~*~tactically~*~*~ (hiding).
  2976 | D:3      | 2976 ||| Stepping ~*~*~tactically~*~*~ (stealth).
  3073 | D:3      | 3073 ||| Stepping ~*~*~tactically~*~*~ (stealth).
  3143 | D:3      | 3143 ||| Stepping ~*~*~tactically~*~*~ (stealth).
  3230 | D:3      | 3230 ||| Stepping ~*~*~tactically~*~*~ (stealth).
  3327 | D:3      | Noticed Jessica
  3330 | D:3      | Killed Jessica
  3331 | D:3      | Reached XP level 7. HP: 37/43 MP: 7/7
  3489 | D:3      | 3489 ||| UPGRADING to +0 helmet.
  3494 | D:3      | 3494 ||| READING scroll labelled WEEMUL KIKIBLU.
  3495 | D:3      | 3495 ||| READING scroll labelled JAPHAG SIEMEPN.
  3496 | D:3      | 3496 ||| READING scroll labelled QEKHUJISTRIE.
  3497 | D:3      | 3497 ||| DRINKING 2 cyan potions.
  3543 | D:3      | 3543 ||| READING 2 scrolls of identify.
  3543 | D:3      | 3543 ||| IDENTIFYING grey potion
  3544 | D:3      | 3544 ||| DROPPING potion of brilliance.
  4007 | D:4      | Found a glowing golden altar of the Shining One.
  4007 | D:4      | Found a sparkling altar of Nemelex Xobeh.
  4145 | D:4      | 4145 ||| DROPPING orb of guile.
  4175 | D:5      | Entered Level 5 of the Dungeon
  4199 | D:5      | 4199 ||| Stepping ~*~*~tactically~*~*~ (hiding).
  4201 | D:5      | 4201 ||| Stepping ~*~*~tactically~*~*~ (hiding).
  4205 | D:5      | Reached skill level 1 in Throwing
  4240 | D:5      | Noticed Grinder
  4246 | D:5      | Killed Grinder
  4247 | D:5      | Reached skill level 7 in Axes
  4415 | D:5      | Found Gymn's Armour Boutique.
  4417 | D:5      | Noticed Eustachio
  4423 | D:5      | 4423 ||| BUYING +0 kite shield (63 gold).
  4423 | D:5      | Bought a +0 kite shield for 63 gold pieces
  4423 | D:5      | 4423 ||| SHOPLISTING quicksilver dragon scales "Myiff"
                  | {-Cast rC++ Will+} (1085 gold, have 257).
  4454 | D:5      | Killed Eustachio
  4455 | D:5      | Reached XP level 8. HP: 49/50 MP: 8/8
  4510 | D:5      | 4510 ||| READING scroll of enchant armour.
  4510 | D:5      | 4510 ||| ENCHANTING +0 helmet.
  4534 | D:5      | Reached skill level 1 in Dodging
  4567 | D:5      | Noticed a vampire
  4568 | D:5      | 4568 ||| DRINKING 4 potions of curing.
  4568 | D:5      | 4568 ||| (to cure confusion)
  4569 | D:5      | 4569 ||| Stepping ~*~*~tactically~*~*~ (hiding).
  4583 | D:5      | Killed a vampire
  4835 | D:5      | 4835 ||| UPGRADING to +0 kite shield.
  4845 | D:5      | 4845 ||| DROPPING +0 buckler.
  4846 | D:5      | 4846 ||| UPGRADING to amulet of reflection.
  4851 | D:5      | 4851 ||| READING 2 scrolls of identify.
  4851 | D:5      | 4851 ||| IDENTIFYING bubbling emerald potion
  4852 | D:5      | 4852 ||| DROPPING potion of berserk rage.
  4913 | D:6      | Noticed Blork the orc
  4914 | D:6      | 4914 ||| Stepping ~*~*~tactically~*~*~ (stealth).
  4919 | D:6      | 4919 ||| Stepping ~*~*~tactically~*~*~ (stealth).
  4920 | D:6      | 4920 ||| Stepping ~*~*~tactically~*~*~ (stealth).
  4921 | D:6      | 4921 ||| Stepping ~*~*~tactically~*~*~ (stealth).
  4923 | D:6      | 4923 ||| Stepping ~*~*~tactically~*~*~ (hiding).
  4934 | D:6      | Killed Blork the orc
  4955 | D:6      | 4955 ||| UPGRADING to amulet of faith.
  5029 | D:6      | Identified the +2 plate armour "Migaprim" {rCorr Str-4
                  | Int+7}
  5207 | D:6      | Noticed a boulder beetle
  5217 | D:6      | HP: 10/50 [boulder beetle (9)]
  5217 | D:6      | Slain by a boulder beetle

Levels and vault maps discovered:
D:1:      lightli_arrival_chessboard, layout_basic, corexii_leaking_fountain
D:2:      cheibrodos_pilgrimage, layout_basic,
          shapermc_ecumenical_altar_mp_ritualfount
D:3:      layout_rooms, portal_sewer_entry_a, nrook_mini_backslash,
          roderic_lattice_a, minmay_fractal_squares_5, uniq_jessica, uniq_robin,
          uniq_terence
D:4:      layout_basic, nicolae_overflow_two_pavilions,
          hangedman_decor_opposing, roderic_batcave
D:5:      layout_cave_pools, nicolae_stop_n_shop_1, nicolae_eternal_life,
          kennysheep_diamond, uniq_eustachio, uniq_grinder
D:6:      layout_basic, minmay_strange_pillars, minmay_small_thing,
          uniq_blork_the_orc

Skill      XL: |  1  2  3  4  5  6  7  8 |
---------------+-------------------------+-----
Axes           | 2 3 4 5 6 7 |  7.6
Fighting       | 4 5 |  5.5
Armour         | 4 |  4.1
Throwing       | 1 2 |  2.1
Dodging        | 1 |  1.8
Shields        | 4 |  4.8

Action                     |  1- 3 |  4- 6 |  7- 9 || total
---------------------------+-------+-------+-------++-------
  Melee: War axe           |   105 |   173 |   169 ||   447
  Throw: Javelin           |       |       |    24 ||    24
    Use: Scroll            |     2 |     7 |     6 ||    15
         Potion            |       |     1 |     2 ||     3
 Armour: Scale mail        |    20 |       |       ||    20
         Plate armour      |    46 |   113 |   161 ||   320
  Dodge: Dodged            |    38 |    45 |    53 ||   136
  Block: Buckler           |    17 |    34 |    30 ||    81
         Kite shield       |       |       |    12 ||    12

Table legend:
 A = Non-vault XP
 B = Vault XP
 C = Vault XP percentage of total XP
 D = Non-vault monster count
 E = Vault monster count
 F = Vault count percentage of total count
                 A         B        C        D         E       F
            +---------+---------+-------+---------+---------+-------
      Total |     763 |    1330 |  63.5 |      78 |      52 |  40.0
            +---------+---------+-------+---------+---------+-------
        D:1 |      27 |       0 |   0.0 |      15 |       0 |   0.0
        D:2 |     110 |      69 |  38.5 |      22 |       6 |  21.4
        D:3 |      79 |     128 |  61.8 |      15 |      23 |  60.5
        D:4 |     104 |      64 |  38.1 |      14 |       8 |  36.4
        D:5 |     272 |     737 |  73.0 |       8 |       5 |  38.5
        D:6 |     171 |      90 |  34.5 |       4 |       1 |  20.0
      Sewer |       0 |     242 | 100.0 |       0 |       9 | 100.0
            +---------+---------+-------+---------+---------+-------
